 Dungeon Crawl Stone Soup version 0.24-a0-509-ga1643a6788 (webtiles) character file.

Game seed: 12767522828403534095

25 KristoblXynda the Charmwright (level 2, 0/24 HPs)
             Began as a Draconian Skald on July 19, 2019.
             Slain by a hobgoblin (1 damage)
             ... on level 1 of the Dungeon.
             The game lasted 00:00:36 (548 turns).

KristoblXynda the Charmwright (Draconian Skald)      Turns: 548, Time: 00:00:36

Health: 0/24       AC:  4    Str: 13    XL:     2   Next: 82%
Magic:  5/5        EV: 12    Int: 13    God:
Gold:   0          SH:  0    Dex: 10    Spells: 4/5 levels left

rFire    . . .     SeeInvis .   a - +0 hand axe
rCold    . . .     Gourm    .   (no shield)
rNeg     . . .     Faith    .   (armour unavailable)
rPois    .         Spirit   .   (helmet restricted)
rElec    .         Reflect  .   (no cloak)
rCorr    .         Harm     .   (no gloves)
MR       .....                  (no boots)
Stlth    +.........             (no amulet)
HPRegen  0.08/turn              (no ring)
MPRegen  0.09/turn              (no ring)

@: no status effects
A: unfitting armour, cold-blooded, AC +4
a: no special abilities


You were on level 1 of the Dungeon.
You were not hungry.

You visited 1 branch of the dungeon, and saw 1 of its levels.

Inventory:

Hand Weapons
 a - a +0 hand axe (weapon)
Scrolls
 d - a scroll of amnesia {unknown}
 e - a scroll of identify {unknown}
Potions
 b - 2 potions of might {unknown}
Comestibles
 c - 3 rations


   Skills:
 - Level 2.1 Fighting
 * Level 2.8 Axes
 + Level 2.4 Dodging
 - Level 2.0 Spellcasting
 + Level 3.0 Charms


You had 4 spell levels left.
You knew the following spells:

 Your Spells              Type           Power        Failure   Level  Hunger
a - Infusion              Chrm           #...         8%          1    ##.....

Your spell library contained the following spells:

 Spells                   Type           Power        Failure   Level  Hunger
 Song of Slaying          Chrm           #.......     11%         2    ###....
 Shroud of Golubria       Chrm/Tloc      #.....       21%         2    ###....
 Regeneration             Chrm/Necr      #.........   38%         3    ####...
 Spectral Weapon          Hex/Chrm       #.......     38%         3    ####...


Dungeon Overview and Level Annotations

Branches:
Dungeon (1/15)

Altars:


Innate Abilities, Weirdness & Mutations

Your plain brown scales are hard. (AC +4)
You cannot fit into any form of body armour.
You are cold-blooded and may be slowed by cold attacks.


Message History

You hit the giant cockroach.
You kill the giant cockroach!
Your Charms skill increases to level 3!
You see here a +0 club.
There isn't anything to butcher here.
You start resting.
A hobgoblin comes into view.
A hobgoblin is nearby!
A hobgoblin is nearby!
A hobgoblin is nearby!
You see here a +0 club.
The hobgoblin shouts!
A leopard gecko comes into view.
The hobgoblin closely misses you.
You barely miss the hobgoblin. The hobgoblin hits you.
* * * LOW HITPOINT WARNING * * *
You hit the hobgoblin but do no damage. The hobgoblin hits you.
* * * LOW HITPOINT WARNING * * *
You barely miss the hobgoblin. The hobgoblin hits you.
You die...

..............# ##..##....#.#
..............####..........#
........<.......8#..#########
..............####.##
..............##...#
8###.........###)##### ##
#.........##......#
###.....####....%.###
###.###....@........
#.##.....g........
#8##.....l.#......
####.....>##...).. ##......
...... ###...# ...... #...#
... ###.#


You could see a leopard gecko and a hobgoblin.

Vanquished Creatures
  A gnoll (D:1)
  A dart slug (D:1)
  2 giant cockroaches (D:1)
  2 goblins (D:1)
  A hobgoblin (D:1)
  3 bats (D:1)
  A frilled lizard (D:1)
  A kobold (D:1)
  2 rats (D:1)
14 creatures vanquished.

Notes
Turn   | Place    | Note
-------+----------+-------------------------------------------
     0 | D:1      | KristoblXynda the Draconian Skald began the quest for the
                  | Orb.
     0 | D:1      | Reached XP level 1. HP: 17/17 MP: 3/3
   380 | D:1      | Reached XP level 2. HP: 24/24 MP: 5/5
   534 | D:1      | Reached skill level 3 in Charms
   547 | D:1      | HP: 1/24 [hobgoblin (4)]
   548 | D:1      | Slain by a hobgoblin

Levels and vault maps discovered:
D:1:      psy_arrival_heroes, layout_basic

Skill      XL: |  1  2 |
---------------+-------+-----
Charms         | 3 |  3.0
Fighting       | |  2.1
Axes           | |  2.8
Dodging        | |  2.4
Spellcasting   | |  2.0

Action                   || total
-------------------------++-------
Melee: Hand axe          ||    57
       Tailslap          ||     4
Armor: Skin              ||    18
Dodge: Dodged            ||    55

Table legend:
 A = Non-vault XP
 B = Vault XP
 C = Vault XP percentage of total XP
 D = Non-vault monster count
 E = Vault monster count
 F = Vault count percentage of total count
                 A         B        C        D         E       F
            +---------+---------+-------+---------+---------+-------
      Total |      36 |       0 |   0.0 |      14 |       0 |   0.0
            +---------+---------+-------+---------+---------+-------
        D:1 |      36 |       0 |   0.0 |      14 |       0 |   0.0
            +---------+---------+-------+---------+---------+-------
